 Dungeon Sprint DCSS version 0.23.0-38-g208d714 (webtiles) character file.

Game seed: 6722029766260954336

123 Fang the Skirmisher (level 5, -3/36 HPs)
             Began as a Gargoyle Berserker on Feb 27, 2019.
             Was a Priest of Trog.
             Collided with a stone wall (6 damage)
             ... caused by a deep elf mage
             ... in the Dungeon (Sprint III: "The Ten Rune Challenge").
             The game lasted 00:00:48 (637 turns).

Fang the Skirmisher (Gargoyle Berserker)             Turns: 637, Time: 00:00:48

Health: -3/36      AC:  6    Str: 21    XL:     5   Next: 7%
Magic:  5/5        EV: 13    Int:  8    God:    Trog [***...]
Gold:   16         SH:  0    Dex:  9    Spells: 4/4 levels left

rFire    . . .     SeeInvis .   a - +0 hand axe
rCold    . . .     Gourm    .   (no shield)
rNeg     + . .     Faith    .   b - +0 animal skin
rPois    ∞         Spirit   .   (no helmet)
rElec    +         Reflect  .   (no cloak)
rCorr    .         Harm     .   (no gloves)
MR       .....     NoTele   +   (no boots)
Stlth    +.........             (no amulet)
HPRegen  0.12/turn              (no ring)
MPRegen  0.09/turn              (no ring)

@: no status effects
A: negative energy resistance 1, electricity resistance, unbreathing,
petrification resistance, rot immunity, AC +4
a: Berserk, Trog's Hand, Renounce Religion


You were in the Dungeon.
You worshipped Trog.
Trog was most pleased with you.
You were hungry.

You visited 1 branch You collected 16 gold pieces.

Inventory:

Hand Weapons
 a - a +0 hand axe (weapon)
Armour
 b - a +0 animal skin (worn)
Scrolls
 i - a scroll of blinking
 k - 2 scrolls of holy word {unknown}
 l - 2 scrolls of identify {unknown}
 m - 3 scrolls of remove curse
Potions
 d - 2 potions of curing
 e - a potion of heal wounds
 f - a potion of haste
 g - 3 potions of magic
 h - a potion of berserk rage
 j - 2 potions of mutation {unknown}
 n - 3 potions of flight
Comestibles
 c - 4 rations


   Skills:
 + Level 6.1 Fighting
 + Level 5.1 Axes
 + Level 5.6 Armour
 + Level 4.2 Dodging


You had 4 spell levels left.
You didn't know any spells.
Your spell library was empty.

Dungeon Overview and Level Annotations

Branches:
Dungeon (1/1)

Altars:
Elyvilon
Zin
The Shining One


Innate Abilities, Weirdness & Mutations

You are resistant to torment.
Your stone body is resilient. (AC +4)
You are immune to poison.
You resist negative energy. (rN+)
You are resistant to electric shocks. (rElec)
You can survive without breathing.
You are immune to petrification.
You are immune to rotting.


Message History

The deep elf mage is lightly wounded.
The deep elf mage hits you with a +0 long sword of holy wrath.
You slash the deep elf mage!
The deep elf mage is moderately wounded.
The deep elf mage gestures wildly while chanting.
The deep elf mage conjures a globe of magical energy!
A battlesphere comes into view.
You barely miss the deep elf mage.
The deep elf mage is moderately wounded.
You hit the battlesphere. The deep elf mage barely misses you.
You barely miss the deep elf mage.
The deep elf mage is moderately wounded.
You hit the battlesphere.
The deep elf mage gestures at you while chanting.
The lance of force hits you!!
Ouch! That really hurt!
* * * LOW HITPOINT WARNING * * *
You are knocked back by the lance of force.
You slam into the stone wall!
You die...

▓▓▓▓▓▓▓ ▓▓▓ .'....♣♣
♣.##### .#.....♣ ♣.#__*#
##....♣♣ ♣♣.#e.@#
.#....≈♣♣♣♣..###'#+###+#
.#...≈≈♣.....#..........
(#..≈≈≈≈♣.♣♣.'.⌠........
'#..≈≈≈≈≈≈.♣.#...######+
.#.≈≈≈≈≈≈....#.⌠.#
.#.≈≈≈≈≈.....#...#
)#.≈≈≈.......#+###
##...........#


You could see a deep elf mage and a battlesphere.

Vanquished Creatures
  A water elemental (D)
  Jessica (D)
  A human (D)
  A wolf (D)
  An ooze (D)
  2 rats (D)
7 creatures vanquished.

Vanquished Creatures (others)
  2 draconian scorchers (D)
  2 yaktaurs (D)
  6 hellions (D)
  4 plants (D)
14 creatures vanquished.

Grand Total: 21 creatures vanquished

Notes
Turn   | Place    | Note
-------+----------+-------------------------------------------
     0 | D        | Fang the Gargoyle Berserker began the quest for the Orb.
     0 | D        | Reached XP level 1. HP: 14/14 MP: 1/1
    22 | D        | Noticed Jessica
    24 | D        | Reached ** piety under Trog
    34 | D        | Killed Jessica
    34 | D        | Reached skill level 4 in Fighting
    34 | D        | Reached XP level 2. HP: 11/20 MP: 2/2
    34 | D        | Reached XP level 3. HP: 13/24 MP: 3/3
    59 | D        | Killed a yaktaur
    61 | D        | Killed a hellion
   109 | D        | Killed a hellion
   110 | D        | Killed a hellion
   110 | D        | Killed a hellion
   145 | D        | Killed a hellion
   186 | D        | Killed a hellion
   192 | D        | Reached *** piety under Trog
   192 | D        | Reached skill level 5 in Fighting
   192 | D        | Reached XP level 4. HP: 19/31 MP: 4/4
   197 | D        | Killed a white draconian scorcher
   197 | D        | Killed a white draconian scorcher
   395 | D        | Killed a yaktaur
   412 | D        | Noticed a water elemental
   420 | D        | Killed a water elemental
   420 | D        | Reached skill level 6 in Fighting
   420 | D        | Reached skill level 5 in Axes
   420 | D        | Reached skill level 5 in Armour
   420 | D        | Reached XP level 5. HP: 15/36 MP: 5/5
   630 | D        | Found a glowing silver altar of Zin.
   630 | D        | Found a glowing golden altar of the Shining One.
   630 | D        | Found a white marble altar of Elyvilon.
   631 | D        | Noticed a deep elf mage
   637 | D        | Collided with a stone wall

Skill      XL: |  1  2  3  4 |
---------------+-------------+-----
Axes           | 3 4 5 |  5.1
Dodging        | 3 4 |  4.2
Fighting       | 4 5 6 |  6.1
Armour         | 3 4 5 |  5.6

Action                   |  1- 3 |  4- 6 || total
-------------------------+-------+-------++-------
Melee: Hand axe          |    24 |    11 ||    35
Invok: Berserk           |     1 |     1 ||     2
 Stab: Sleeping          |     1 |       ||     1
Armor: Animal skin       |     2 |       ||     2
Dodge: Dodged            |    19 |     6 ||    25
